AoeStats
← TheFrenchMaximus

Arabia

506159282Analyzed
1v1 RM · 19d ago on Sep 12, 2026· 38m 36s· 2 players
Game mode
Random Map
Map size
Tiny (2 player)
Population
200
Speed
Normal
Resources
Standard
Victory
Conquest
Starting age
Dark Age
Ending age
Imperial Age
RankedLock teamsTeams togetherTeam positionsShared explorationLock speedFull tech treeHidden civsTurbo modeCheats
Victory
Defeat
🇧🇷 Franks · Brazil
1084
+15
🇫🇷 Mongols · France
1067
-15
TheFrenchMaximus
6:13 Loom
9:39 Feudal Age
10:27 Man-at-Arms
21:32 Castle Age
20:41 Padded Archer Armor
21:29 Fletching
21:35 Crossbowman
22:14 Light Cavalry
26:02 Bloodlines
28:10 Scale Barding Armor
31:21 Bodkin Arrow
31:31 Gold Mining
31:35 Double-Bit Axe
32:55 Forging
Sonera
6:34 Loom
9:23 Feudal Age
10:35 Double-Bit Axe
22:23 Castle Age
20:47 Fletching
21:30 Scale Mail Armor
21:39 Scale Barding Armor
21:37 Gold Mining
22:08 Forging
22:33 Padded Archer Armor
23:48 Chain Barding Armor
22:51 Elite Skirmisher
25:20 Bodkin Arrow
25:57 Bow Saw
27:59 Gold Shaft Mining
31:14 Stone Mining
32:14 Ballistics
32:34 Leather Archer Armor
32:55 Iron Casting
33:50 Husbandry
Connection lost

Rejoining the realm…

Still unreachable

The connection could not be restored.

Session expired

The server has moved on; the page needs a fresh start.